 Dungeon Crawl Stone Soup version 0.23.2-1-ga50397a (webtiles) character file.

Game seed: 1188426710426917927

170 xveg the Slinger (level 5, -4/35 HPs)
             Began as a Halfling Hunter on May 9, 2019.
             Slain by Natasha (10 damage)
             ... on level 2 of the Dungeon.
             The game lasted 00:02:09 (1215 turns).

xveg the Slinger (Halfling Hunter)                  Turns: 1215, Time: 00:02:10

Health: -4/35      AC:  5    Str: 14    XL:     5   Next: 80%
Magic:  5/5        EV: 15    Int:  9    God:
Gold:   98         SH:  0    Dex: 15    Spells: 4/4 levels left

rFire    . . .     SeeInvis .   b - +0 short sword
rCold    . . .     Gourm    .   (shield restricted)
rNeg     . . .     Faith    .   c - +0 leather armour
rPois    .         Spirit   .   j - +1 helmet
rElec    .         Reflect  .   (no cloak)
rCorr    .         Harm     +   (no gloves)
MR       .....                  (no boots)
Stlth    ++........             i - amulet of harm
HPRegen  0.11/turn              (no ring)
MPRegen  0.09/turn              (no ring)

@: slowed, very slow
A: small, mutation resistance 1
a: no special abilities


You were on level 2 of the Dungeon.
You were hungry.

You visited 1 branch of the dungeon, and saw 2 of its levels.

You collected 98 gold pieces.

Inventory:

Hand Weapons
 a - a +1 hunting sling
 b - a +0 short sword (weapon)
Armour
 c - a +0 leather armour (worn)
 j - a +1 helmet (worn)
Jewellery
 i - an amulet of harm (around neck)
Scrolls
 g - a scroll of random uselessness {unknown}
 h - 3 scrolls of identify {unknown}
 k - 2 scrolls of enchant weapon {unknown}
 l - a scroll of teleportation {unknown}
 o - a scroll of fear {unknown}
 p - a scroll of noise {unknown}
 q - a scroll of fog {unknown}
 r - a scroll of blinking {unknown}
Potions
 d - a potion of brilliance {unknown}
 m - a potion of heal wounds {unknown}
 n - a potion of might {unknown}
 t - 2 potions of flight {unknown}
 u - a potion of haste {unknown}
 v - a potion of resistance {unknown}
Comestibles
 f - 2 rations


   Skills:
 + Level 2.4 Fighting
 + Level 8.6 Slings
 + Level 1.3 Armour
 + Level 2.4 Dodging
 + Level 1.1 Stealth


You had 4 spell levels left.
You didn't know any spells.
Your spell library was empty.

Dungeon Overview and Level Annotations

Branches:
Dungeon (2/15)

Altars:

Annotations:
D:2 1 runed translucent door, Crazy Yiuf, Natasha


Innate Abilities, Weirdness & Mutations

You are small and have problems with some larger weapons.
You are somewhat resistant to further mutation.


Message History

Natasha stares at you and mumbles some strange words.
The magic dart hits you. Natasha barely misses you.
You hit Natasha but do no damage.
Natasha is heavily wounded.
Natasha closely misses you. Natasha claws you but does no damage.
You hit Natasha.
Natasha is severely wounded.
Natasha claws you.
You closely miss Natasha.
Natasha is severely wounded.
Natasha misses you. Natasha claws you.
You closely miss Natasha.
Natasha is severely wounded.
Natasha claws you! Natasha claws you.
* * * LOW HITPOINT WARNING * * *
You are too injured to fight recklessly!
Natasha claws you.
* * * LOW HITPOINT WARNING * * *
Natasha claws you!
You die...

....##......###
.##.........# #+###+#
.......##.#.# +..(..+
##..####....# #.....#
...##.....#.####....(#
......###.#.#..#.....#
.###### #.#.#..# ....
..# #.#.#'####(####+##
..# ..#.....@h.......#
.##............... .#
#............... .
#.#'####'####+#. ..
#.#..#..†..#
#.#..#.....#
#.####.....####
#.#..#.....#..#
#.#..'.....'..#


You could see Natasha.

Vanquished Creatures
  Jessica (D:2)
  An orc wizard (D:2)
  4 adders (D:2)
  A gnoll (D:1)
  An ooze (D:1)
  A worm (D:2)
  A dart slug (D:1)
  5 leopard geckos
  4 orcs (D:2)
  4 goblins (D:1)
  4 hobgoblins
  3 jackals (D:2)
  A quokka (D:2)
  6 bats
  4 frilled lizards
  11 kobolds
  6 rats
58 creatures vanquished.

Notes
Turn   | Place    | Note
-------+----------+-------------------------------------------
     0 | D:1      | xveg the Halfling Hunter began the quest for the Orb.
     0 | D:1      | Reached XP level 1. HP: 14/14 MP: 1/1
    30 | D:1      | Reached skill level 6 in Slings
    48 | D:1      | Reached XP level 2. HP: 19/19 MP: 2/2
   201 | D:1      | Reached XP level 3. HP: 24/24 MP: 3/3
   285 | D:1      | Reached skill level 7 in Slings
   434 | D:1      | Reached skill level 1 in Armour
   434 | D:1      | Reached XP level 4. HP: 29/29 MP: 4/4
   719 | D:2      | Noticed Jessica
   727 | D:2      | Killed Jessica
   727 | D:2      | Reached skill level 8 in Slings
   727 | D:2      | Reached XP level 5. HP: 27/35 MP: 5/5
   831 | D:2      | Found a runed translucent door.
   832 | D:2      | Noticed Crazy Yiuf
  1034 | D:2      | Found a faded altar of an unknown god.
  1198 | D:2      | Noticed Natasha
  1215 | D:2      | Slain by Natasha

Skill      XL: |  1  2  3  4 |
---------------+-------------+-----
Slings         | 6 7 8 |  8.6
Fighting       | 2 |  2.4
Armour         | 1 |  1.3
Dodging        | |  2.4
Stealth        | |  1.1

Action                   |  1- 3 |  4- 6 || total
-------------------------+-------+-------++-------
Melee: Short sword       |       |     5 ||     5
 Fire: Hunting sling     |    84 |    93 ||   177
Armor: Leather armour    |     7 |     6 ||    13
Dodge: Dodged            |    25 |    21 ||    46
